 Dungeon Crawl Stone Soup version 0.30-a0-883-g5ad918d77d (webtiles) character file.

Game seed: 17369551691195577255

24350 FexLirch the Basher (level 12, -2/110 HPs)
             Began as an Armataur Fighter on Mar 16, 2023.
             Was an Elder of Okawaru.
             Slain by a seven-headed hydra (12 damage)
             ... on level 2 of the Lair of Beasts.
             The game lasted 00:41:37 (14987 turns).

FexLirch the Basher (Armataur Fighter)             Turns: 14987, Time: 00:41:38

Health: -2/110     AC: 17    Str: 32    XL:     12   Next: 79%
Magic:  0/18       EV: 10    Int:  8    God:    Okawaru [****..]
Gold:   998        SH:  7    Dex: 11    Spells: 9/11 levels left

rFire   + . .      SeeInvis .    U - +3 morningstar (elec)
rCold   + . .      Faith    .    c - +0 buckler
rNeg    + . .      Spirit   +    o - +2 scale mail {rPois}
rPois   +          Reflect  .    H - +1 helmet
rElec   .          Roll     +    f - +1 cloak {rPois}
rCorr   .                        E - +1 pair of gloves of Cynicism {rPois Slay+3 Stlth+}
Will    .....                    (no barding)
Stlth   ++                       V - amulet of guardian spirit
HPRegen 0.38/turn                K - +6 ring of strength
MPRegen 0.16/turn                I - ring "Odwatoeb" {rF+ rC+ rN+}

@: heroic, finesse-ful
A: large, rugged brown scales 3, deformed body, armoured tail, roll, long
tongue, awkward tongue
a: Renounce Religion, Heroism, Finesse


You were on level 2 of the Lair of Beasts.
You worshipped Okawaru.
Okawaru was greatly pleased with you.
You visited 3 branches of the dungeon, and saw 16 of its levels.

You collected 998 gold pieces.

Inventory:

Hand Weapons
 Q - a +0 flail of holy wrath
 S - a +0 broad axe
 U - a +3 morningstar of electrocution (weapon)
Missiles
 g - 154 stones
 l - 9 curare-tipped darts
 m - 2 silver javelins
 z - 48 poisoned darts
 B - 3 atropa-tipped darts
 M - 9 boomerangs
 Y - a boomerang of dispersal
Armour
 c - a +0 buckler (worn)
 f - a +1 cloak of poison resistance (worn)
 o - a +2 scale mail of poison resistance (worn)
 E - the +1 pair of gloves of Cynicism (worn) {rPois Slay+3 Stlth+}
   (Okawaru gifted it to you on level 2 of the Lair of Beasts)

   Slay:      It affects your accuracy & damage with ranged weapons and melee
   (+3).
   rPois:     It protects you from poison.
   Stlth:     It makes you more stealthy.
 H - a +1 helmet (worn)
Magical Staves
 N - a staff of earth
Jewellery
 F - a ring of see invisible
 I - the ring "Odwatoeb" (right hand) {rF+ rC+ rN+}
   (You found it on level 5 of the Dungeon)

   [ring of protection from fire]

   rF:        It protects you from fire.
   rC:        It protects you from cold.
   rN:        It protects you from negative energy.
 K - a +6 ring of strength (left hand)
 T - a ring of wizardry
 V - an amulet of guardian spirit (around neck)
Wands
 r - a wand of flame (26)
 v - a wand of polymorph (5)
 L - a wand of iceblast (18)
 O - a wand of light (4) (quivered)
Scrolls
 b - 5 scrolls of enchant armour {unknown}
 i - 4 scrolls of fog
 j - 4 scrolls of silence
 n - 3 scrolls of blinking {unknown}
 p - 2 scrolls of magic mapping
 s - 4 scrolls of noise
 x - 3 scrolls of vulnerability
 y - 6 scrolls of teleportation {unknown}
 A - a scroll of acquirement {unknown}
 C - 2 scrolls of fear {unknown}
 D - 2 scrolls of amnesia {unknown}
 G - 5 scrolls of torment
 J - a scroll of brand weapon
 P - 2 scrolls of immolation {unknown}
 X - a scroll of poison {unknown}
Potions
 a - 4 potions of heal wounds
 d - 3 potions of might
 e - 2 potions of resistance
 h - 2 potions of cancellation
 q - a potion of magic
 t - 3 potions of attraction
 u - a potion of flight {unknown}
 w - 2 potions of brilliance
 R - 3 potions of mutation {unknown}
 W - a potion of degeneration {unknown}
Miscellaneous
 k - a phial of floods


   Skills:
 + Level 8.6(13.6) Fighting
 - Level 2.0(13.2) Axes
 + Level 13.4(18.5) Maces & Flails
 + Level 4.9(9.9) Throwing
 - Level 3.6(8.6) Armour
 + Level 10.2(15.2) Shields
 + Level 8.8 Invocations


You had 9 spell levels left.
You knew the following spells:

 Your Spells              Type           Power      Damage    Failure   Level
a - Blink                 Tloc           0%         N/A       78%         2

Your spell library contained the following spells:

 Spells                   Type           Power      Damage    Failure   Level
 Foxfire                  Conj/Fire      0%         2x1d4     65%         1
 Freeze                   Ice            0%         1d3       65%         1
 Kiss of Death            Conj/Necr      0%         2d5       65%         1
 Ensorcelled Hibernation  Hex/Ice        0%         N/A       78%         2
 Lesser Beckoning         Tloc           0%         N/A       78%         2
 Momentum Strike          Conj/Tloc      0%         3d8       78%         2
 Confusing Touch          Hex            0%         N/A       95%         3
 Dazzling Flash           Conj/Hex       0%         N/A       95%         3
 Frozen Ramparts          Ice            0%         1d1       95%         3
 Hailstorm                Conj/Ice       0%         3d3       95%         3
 Ozocubu's Armour         Ice            0%         N/A       95%         3
 Spider Form              Tmut/Pois      0%         N/A       95%         3
 Anguish                  Hex/Necr       0%         N/A       100%        4
 Dispel Undead            Necr           0%         3d6       100%        4
 Ice Form                 Ice/Tmut       0%         N/A       100%        4
 Leda's Liquefaction      Hex/Erth       0%         N/A       100%        4
 Agony                    Necr           0%         N/A       100%        5
 Borgnjor's Vile Clutch   Necr/Erth      0%         N/A       100%        5
 Fireball                 Conj/Fire      0%         3d3       100%        5
 Lee's Rapid Deconstruct  Erth           0%         3d4*      100%        5
 Silence                  Hex/Air        0%         N/A       100%        5
 Starburst                Conj/Fire      0%         6d3       100%        6
 Statue Form              Tmut/Erth      0%         N/A       100%        6
 Ozocubu's Refrigeration  Ice            0%         4d7       100%        7
 Animate Dead             Necr           Unusable   N/A       N/A         4
 Summon Ice Beast         Ice/Summ       Unusable   N/A       N/A         4
 Death Channel            Necr           Unusable   N/A       N/A         6

Dungeon Overview and Level Annotations

Branches:
Dungeon (13/15)            Temple (1/1) D:5            Lair (2/5) D:10
  Snake (0/4) Lair:2          Orc (0/2) D:9
  Swamp: Lair:2-3    Shoals: Lair:2-3    Vaults: D:13-14

Altars:
Ashenzari
Cheibriados
Elyvilon
Hepliaklqana
Kikubaaqudgha
Makhleb
Nemelex Xobeh
Okawaru
Ru
Sif Muna
Uskayaw
Vehumet
Wu Jian
Xom
Yredelemnul

Shops:
D:4 :   D:5 =   D:9 [

Annotations:
D:8 1 runed translucent door, retardedninja's ghost, novice GnFi


Innate Abilities, Weirdness & Mutations

You are completely covered in rugged brown scales. (AC +3, +7% HP)
Armour fits poorly on your strangely shaped body.
You have a long armoured tail.
You roll when moving toward enemies. (Rampage)
Your long tongue fully drains potion bottles. (2x potion effects)
Your tongue gives you trouble enunciating. (1.5x scroll delay)


Message History

A swamp worm comes into view.
You see here a tyrant leech corpse.
The seven-headed hydra attacks as you move away!
You block the seven-headed hydra's attack.
The seven-headed hydra bites you.
The seven-headed hydra bites you but does no damage.
The seven-headed hydra barely misses you.
The seven-headed hydra bites you but does no damage.
The seven-headed hydra bites you! The seven-headed hydra misses you.
You can now deal lightning-fast blows.
The seven-headed hydra bites you but does no damage.
The seven-headed hydra bites you! The seven-headed hydra bites you. x2
You block the seven-headed hydra's attack. x2
The seven-headed hydra bites you.
You gain the combat prowess of a mighty hero.
You can no longer enter into single combat with a foe.
Okawaru will no longer gift you equipment.
The seven-headed hydra bites you but does no damage. x2
The seven-headed hydra bites you.
The seven-headed hydra bites you but does no damage.
You block the seven-headed hydra's attack.
The seven-headed hydra bites you! The seven-headed hydra misses you.
You impale the seven-headed hydra!! You tail-slap the seven-headed hydra.
The seven-headed hydra is moderately wounded.
You hit the seven-headed hydra.
Lightning courses through the seven-headed hydra!
The seven-headed hydra is severely wounded.
The seven-headed hydra bites you.
* * * LOW HITPOINT WARNING * * *
The seven-headed hydra bites you.
* * * LOW HITPOINT WARNING * * *
The seven-headed hydra bites you!
* * * LOW HITPOINT WARNING * * *
You block the seven-headed hydra's attack.
The seven-headed hydra bites you.
* * * LOW HITPOINT WARNING * * *
The seven-headed hydra bites you!
* * * LOW HITPOINT WARNING * * *
The seven-headed hydra bites you!
You die...

.......###.♣ .♣♣
#.#.##..# .#.....###.♣
~♣♣ ##.. #..#
#...###.†♣♣ ~§♣
##.##†.# ##.P..##.♣.♣
§§♣ #.#..##
#....#.#..♣♣ ♣♣§.♣
..##.### #..#....>#♣
♣§.♣ .. #.##^
#.........♣ ♣♣♣♣w§♣
#.### #........#♣
♣♣..Dw§♣ ##..##
#..##...†# ♣♣..@♣♣♣♣
#...#. #.######.##
♣...~~≈≈♣♣ #...#. ..P#
#P.†# ♣♣~~~≈≈≈≈♣
##.... #.P#
###..♣♣♣~~~~≈~≈≈♣
#..P# ...
#.#.#♣♣...~~~~≈≈♣
#..###
..####...##♣♣..♣♣♣♣♣♣♣
#.## #
#.P.......##..†## #.
..P.#P...#.#..#.## ..
....##.......###.###
#.. ...


You could see a seven-headed hydra and 2 swamp worms.

Vanquished Creatures
  A vault guard (D:12)
  2 hydras (Lair:2)
  2 boulder beetles
  A centaur warrior (D:11)
  Erica (Lair:2)
  Pikel (D:9)
  A cyclops (D:12)
  A manticore (D:11)
  An ugly thing (D:12)
  2 black mambas (Lair:2)
  A gargoyle (D:12)
  3 cane toads
  An unseen horror (D:11)
  A komodo dragon (Lair:2)
  A tyrant leech (Lair:2)
  Prince Ribbit (D:9)
  2 hornets (D:8)
  2 shadows
  A wraith (D:12)
  5 slime creatures
  3 wyverns
  31 yaks
  2 basilisks
  3 steam dragons
  5 nagas (Lair:2)
  2 swamp worms (Lair:2)
  An acid dragon (D:10)
  10 water moccasins
  Duvessa (D:6)
  2 sky beasts
  8 orc warriors
  3 black bears
  2 ice beasts
  2 centaurs
  A lemure (D:9)
  7 wolves (Lair:1)
  2 phantoms (D:5)
  18 kobold brigands
  6 bullfrogs
  7 scorpions
  14 wights
  Dowan (D:6)
  3 electric eels (Lair:1)
  3 howler monkeys
  2 hounds
  6 jellies
  Crazy Yiuf (D:2)
  5 orc priests
  2 sleepcaps
  Terence (D:2)
  5 iguanas
  14 orc wizards
  7 gnolls
  11 adders
  2 white imps
  2 ufetubi (D:5)
  A worm (D:2)
  3 dart slugs
  54 orcs
  2 bats (D:1)
  22 endoplasms
  3 giant cockroaches
  6 goblins
  8 hobgoblins
  33 kobolds
  8 quokkas
  3 ball pythons
  A frilled lizard (D:1)
  6 rats
376 creatures vanquished.

Vanquished Creatures (others)
  28 fungi
  26 plants
54 creatures vanquished.

Grand Total: 430 creatures vanquished

Notes
Turn   | Place    | Note
-------+----------+-------------------------------------------
     0 | D:1      | FexLirch the Armataur Fighter began the quest for the Orb.
     0 | D:1      | Reached XP level 1. HP: 19/19 MP: 1/1
   103 | D:1      | Reached XP level 2. HP: 26/26 MP: 2/2
   142 | D:1      | Reached skill level 1 in Maces & Flails
   297 | D:1      | Found a faded altar of an unknown god.
   755 | D:2      | Reached skill level 2 in Maces & Flails
   755 | D:2      | Reached XP level 3. HP: 25/32 MP: 3/3
   826 | D:2      | Found an ancient bone altar of Kikubaaqudgha.
  1005 | D:2      | Noticed Terence
  1013 | D:2      | Killed Terence
  1014 | D:2      | Reached skill level 3 in Maces & Flails
  1014 | D:2      | Reached XP level 4. HP: 36/39 MP: 4/4
  1167 | D:2      | Found a runed translucent door.
  1168 | D:2      | Noticed Crazy Yiuf
  1594 | D:2      | Killed Crazy Yiuf
  1709 | D:3      | Reached skill level 4 in Maces & Flails
  1854 | D:3      | Reached XP level 5. HP: 44/44 MP: 5/5
  2582 | D:4      | Reached skill level 5 in Maces & Flails
  2782 | D:4      | Reached XP level 6. HP: 39/53 MP: 6/6
  3040 | D:4      | Found Biankec's Tremendous Tomes.
  3232 | D:5      | Entered Level 5 of the Dungeon
  3238 | D:5      | Noticed a yak
  3239 | D:5      | Noticed a yak
  3239 | D:5      | Noticed a yak
  3239 | D:5      | Noticed a yak
  3241 | D:5      | Noticed a yak
  3260 | D:4      | Killed a yak
  3261 | D:4      | Reached skill level 6 in Maces & Flails
  3317 | D:5      | Reached XP level 7. HP: 47/59 MP: 7/7
  3403 | D:5      | Reached skill level 7 in Maces & Flails
  3539 | D:5      | Found a staircase to the Ecumenical Temple.
  3553 | Temple   | Entered the Ecumenical Temple
  3655 | Temple   | Became a worshipper of Warmaster Okawaru
  3705 | D:5      | Reached skill level 8 in Maces & Flails
  3775 | D:4      | Killed a yak
  3776 | D:4      | Reached XP level 8. HP: 32/66 MP: 8/8
  4359 | D:5      | Identified the ring "Odwatoeb" {rF+ rC+ rN+}
  4381 | D:5      | Found Hiol's Jewellery Shoppe.
  4456 | D:5      | Reached skill level 9 in Maces & Flails
  4466 | D:5      | Reached * piety under Okawaru
  4682 | D:5      | Reached skill level 10 in Maces & Flails
  4929 | D:6      | Reached ** piety under Okawaru
  4930 | D:6      | Reached XP level 9. HP: 17/72 MP: 7/9
  4943 | D:6      | Noticed Dowan
  4944 | D:6      | Noticed Duvessa
  5356 | D:6      | Killed Duvessa
  5357 | D:6      | Reached skill level 11 in Maces & Flails
  5357 | D:6      | Reached skill level 1 in Invocations
  5362 | D:6      | Killed Dowan
  5869 | D:6      | Found a snail-covered altar of Cheibriados.
  5870 | D:6      | Found a shimmering blue altar of Sif Muna.
  6543 | D:7      | Reached *** piety under Okawaru
  6544 | D:7      | Reached skill level 5 in Shields
  6920 | D:8      | Reached XP level 10. HP: 73/85 MP: 12/12
  7024 | D:8      | Found a runed translucent door.
  7024 | D:8      | Found a shimmering altar of Xom.
  7024 | D:8      | Noticed a +0 trident of chaos
  7024 | D:8      | Noticed retardedninja's ghost (novice GnFi)
  7179 | D:8      | Reached **** piety under Okawaru
  7652 | D:9      | Noticed Pikel
  7667 | D:9      | Killed Pikel
  7668 | D:9      | Reached skill level 5 in Fighting
  8054 | D:9      | Reached skill level 5 in Invocations
  8350 | D:9      | Noticed Prince Ribbit
  8358 | D:9      | Killed Prince Ribbit
  8657 | D:9      | Reached skill level 12 in Maces & Flails
  8907 | D:9      | Found a staircase to the Orcish Mines.
  8968 | D:9      | Found Piers Shonks's Dragon-Slaying Spoils.
  9143 | D:10     | Entered Level 10 of the Dungeon
  9187 | D:10     | Reached XP level 11. HP: 56/95 MP: 8/15
  9402 | D:10     | Found a staircase to the Lair.
 10222 | D:11     | Reached ***** piety under Okawaru
 10248 | D:11     | Received a gift from Okawaru
 10392 | D:11     | Noticed a boulder beetle
 10411 | D:11     | Noticed a centaur warrior
 10430 | D:11     | Killed a centaur warrior
 10945 | D:11     | Received a gift from Okawaru
 11242 | D:11     | Killed a boulder beetle
 11243 | D:11     | Reached skill level 1 in Throwing
 11732 | D:12     | Noticed a boulder beetle
 11762 | D:12     | Killed a boulder beetle
 12347 | D:12     | Noticed a brown ugly thing
 12357 | D:12     | Killed a brown ugly thing
 12358 | D:12     | Reached XP level 12. HP: 98/107 MP: 13/17
 12594 | D:13     | Identified the +2 robe of Zin's Reproof {rC+}
 12692 | D:13     | Noticed a vault guard
 12692 | D:13     | Noticed a vault guard
 12692 | D:13     | Noticed a vault guard
 12773 | D:12     | Killed a vault guard
 12839 | Lair:1   | Entered Level 1 of the Lair of Beasts
 12874 | Lair:1   | Learned a level 2 spell: Blink
 12983 | Lair:1   | Received a gift from Okawaru
 12984 | Lair:1   | Reached skill level 13 in Maces & Flails
 13408 | Lair:1   | Received a gift from Okawaru
 13852 | Lair:1   | You fall into a shaft and drop 1 floor!
 14061 | Lair:2   | Found a staircase to the Snake Pit.
 14443 | Lair:2   | Noticed a five-headed hydra
 14456 | Lair:2   | Killed a five-headed hydra
 14457 | Lair:2   | Reached skill level 10 in Shields
 14565 | Lair:2   | Noticed Erica
 14754 | Lair:2   | Identified the +1 pair of gloves of Cynicism {rPois Slay+3
                  | Stlth+} (Okawaru gifted it to you on level 2 of the Lair of
                  | Beasts)
 14754 | Lair:2   | Received a gift from Okawaru
 14858 | Lair:2   | Killed Erica
 14940 | Lair:2   | Noticed a six-headed hydra
 14946 | Lair:2   | Killed a six-headed hydra
 14980 | Lair:2   | Noticed a seven-headed hydra
 14987 | Lair:2   | Slain by a seven-headed hydra

Illustrated notes

Levels and vault maps discovered:
D:1:      psy_arrival_whirlpool, layout_basic, nicolae_ecumenical_lake_church,
          hex_intersection, nrook_loot_triangle, minivault_24
D:2:      layout_loops_ring, basic_altar, uniq_crazy_yiuf_cottage, uniq_terence
D:3:      layout_basic
D:4:      layout_basic, nicolae_shop_i_like_big_books, grunt_decor_clamped
D:5:      layout_basic, minmay_temple_entry_hall, serial_shops,
          nicolae_shop_waterfront, hangedman_decor_lopped
D:6:      lemuel_slime, layout_cave_pools, minitemple, uniq_duvessa
D:7:      layout_basic
D:8:      layout_rooms, ebering_ghost_xom
D:9:      layout_basic, orc_0_dummy, serial_corexii_hall,
          corexii_hall_statues_i, corexii_hall_statues_t,
          nicolae_shop_dragon_depot, grunt_decor_mini_mirrors,
          uniq_prince_ribbit1, uniq_pikel
D:10:     layout_roguey, due_lair_maze_entry_diamond
D:11:     layout_roguey [special_room_kobold]
D:12:     layout_rooms, hangedman_abyss_or_decor_passed,
          nicolae_twisting_strands
D:13:     layout_grid_maze, erik_vaults_2, uniq_josephine, uniq_frances
Temple:   nicolae_temple_slightly_damp_pantheon
Lair:1:   layout_cave_pods, portal_ice_cave_entry_pillars_1,
          serial_bayou_lake_a, lemuel_fruit_tree
Lair:2:   layout_loops_ring, palyth_hydra_swamp_entry,
          minmay_snake_entry_guardpost_large, grunt_megastairs_3,
          serial_bayou_shore_b, uniq_erica

Skill      XL: |  1  2  3  4  5  6  7  8  9 10 11 12 |
---------------+-------------------------------------+-----
Axes           | 2 |  2.0
Maces & Flails | 2 3 4 5 6 8 10 11 12 13 | 13.4
Fighting       | 4 6 7 8 |  8.6
Invocations    | 3 5 7 8 |  8.8
Shields        | 5 7 9 10 | 10.2
Throwing       | 2 4 |  4.9
Armour         | |  3.6

Action                     |  1- 3 |  4- 6 |  7- 9 | 10-12 || total
---------------------------+-------+-------+-------+-------++-------
  Melee: War axe           |     9 |       |       |    46 ||    55
         Whip              |    71 |   163 |   447 |   295 ||   976
         Tailslap          |    10 |    21 |    82 |   135 ||   248
         Flail             |       |       |       |    22 ||    22
         Mace              |       |       |       |     7 ||     7
         Morningstar       |       |       |       |   387 ||   387
  Throw: Dart              |       |       |       |    13 ||    13
         Boomerang         |       |       |       |     4 ||     4
 Invoke: Heroism           |       |       |     1 |     6 ||     7
         Finesse           |       |       |       |     3 ||     3
  Evoke: Wand              |       |       |       |     4 ||     4
    Use: Scroll            |       |     2 |     4 |    14 ||    20
         Potion            |       |       |     5 |     6 ||    11
   Stab: Invisible         |       |       |       |     1 ||     1
 Armour: Scale mail        |    27 |    68 |   143 |   295 ||   533
  Dodge: Dodged            |    18 |    32 |    70 |   162 ||   282
  Block: Buckler           |    18 |    15 |    52 |   142 ||   227

Table legend: (Time is in decaauts)
 A = Elapsed time spent in this place.
 B = Non-inter-level travel time spent in this place.
 C = Inter-level travel time spent in this place.
 D = Time resting spent in this place.
 E = Time spent auto-exploring this place.
 F = Levels seen in this place.
 G = Mean time per level.
                   A        B        C        D        E       F      G
               +--------+--------+--------+--------+--------+-----+--------+
         Total |  14629 |  13858 |    771 |   1737 |   8655 |  16 |  914.3 |
       Dungeon |  12395 |  11875 |    520 |   1418 |   7866 |  13 |  953.5 |
        Temple |    112 |    103 |      9 |      0 |     86 |   1 |  112.0 |
          Lair |   2121 |   1879 |    242 |    318 |    703 |   2 | 1060.5 |
               +--------+--------+--------+--------+--------+-----+--------+

Top non-repeatable levels by time:
     D:5: 1559 daAuts
     D:9: 1535 daAuts
    D:11: 1484 daAuts
  Lair:1: 1177 daAuts
     D:4: 1018 daAuts
    D:10: 994 daAuts
     D:6: 979 daAuts
    D:12: 964 daAuts
  Lair:2: 944 daAuts
     D:2: 914 daAuts
     D:3: 795 daAuts
     D:1: 754 daAuts
     D:8: 651 daAuts
     D:7: 569 daAuts
    D:13: 175 daAuts
